 Dungeon Crawl Stone Soup version bcrawl-1.13.4 (webtiles) character file.

Game seed: 7753753271281778236

123 Chiseanne the Sneak (level 4, -2/22 HPs)
             Began as a Spriggan Archaeologist on Aug 19, 2019.
             Slain by a gnoll shaman
             ... wielding a +0 whip
              (11 damage)
             ... on level 3 of the Dungeon.
             The game lasted 00:05:10 (2749 turns).

Chiseanne the Sneak (Spriggan Archaeologist)        Turns: 2749, Time: 00:05:11

Health: -2/22      AC:  7    Str:  8    XL:     4   Next: 79%
Magic:  5/5        EV: 23    Int: 15    God:
Gold:   98         SH:  1    Dex: 14    Spells: 3/3 levels left

rFire    . . .     SeeInvis +   a - +1 falchion
rCold    . . .     Gourm    .   (shield restricted)
rNeg     . . .     Faith    .   b - +1 robe
rPois    .         Spirit   .   c - +2 hat
rElec    .         Reflect  .   (no cloak)
rCorr    .         Harm     .   (gloves unavailable)
MR       .....                  (boots unavailable)
Stlth    +++.......             (no amulet)
HPRegen  0.07/turn              z - +2 ring of protection
MPRegen  0.09/turn              w - +3 ring of evasion

@: studying Long Blades, very quick
A: very small, unfitting armour, see invisible, herbivore, speed 3, slow
metabolism 2
a: no special abilities


You were on level 3 of the Dungeon.
You were not hungry.

You visited 1 branch of the dungeon, and saw 3 of its levels.

You collected 98 gold pieces.

Inventory:

Hand Weapons
 a - a +1 falchion (weapon)
 s - a +3 short sword
Missiles
 n - 689 stones (quivered)
 o - 203 tomahawks
 q - 90 bolts
 r - 240 poisoned needles
Armour
 b - a +1 robe (worn)
 c - a +2 hat (worn)
Jewellery
 w - a +3 ring of evasion (right hand)
 y - an uncursed ring of stealth
 z - a +2 ring of protection (left hand)
Scrolls
 h - 3 scrolls of identify
 j - a scroll of magic mapping
 k - a scroll of enchant armour
 l - 2 scrolls of fog {unknown}
 x - 2 scrolls of teleportation
Potions
 d - a potion of lignification {unknown}
 i - a potion of mutation {unknown}
 m - a potion of invisibility {unknown}
 p - a potion of haste {unknown}
 t - a potion of agility {unknown}
 u - a potion of might {unknown}
 v - a potion of degeneration {unknown}
Books
 e - a manual of Long Blades
Miscellaneous
 f - an ancient crate
Comestibles
 g - 6 rations {!d}


   Skills:
 - Level 1.4 Fighting
 + Level 4.1 Long Blades
   Level 0.6 Maces & Flails
 - Level 5.1 Dodging
 - Level 5.5 Stealth


You had 3 spell levels left.
You didn't know any spells.
Your spell library was empty.

Dungeon Overview and Level Annotations

Branches:
Dungeon (3/12)

Altars:
Cheibriados
Dithmenos
Elyvilon
Hepliaklqana
Nemelex Xobeh
Okawaru
Ru
Wu Jian


Innate Abilities, Weirdness & Mutations

You are very small and have problems with some larger weapons.
You are too small for most types of armour.
You have supernaturally acute eyesight. (SInv)
You are a herbivore.
You cover ground extremely quickly.
You need to consume almost no food.


Message History

You barely miss the gnoll shaman.
The gnoll shaman is severely wounded.
The gnoll is no longer moving quickly.
The gnoll shaman barely misses you.
You closely miss the gnoll shaman.
The gnoll shaman is severely wounded.
The gnoll shaman closely misses you.
You hit the gnoll shaman.
The gnoll shaman is severely wounded.
The gnoll shaman completely misses you.
You closely miss the gnoll shaman.
The gnoll shaman is severely wounded.
The gnoll shaman barely misses you.
You hit the gnoll shaman.
The gnoll shaman is almost dead.
The gnoll shaman misses you.
You closely miss the gnoll shaman.
The gnoll shaman is almost dead.
The gnoll shaman hits you with a +0 whip!
Ouch! That really hurt!
You die...

###### #....# #....# #######
#....# #.....# ##....# #.....# .#
#.....# #.....# ..#####.....#
#####.....# ##.
.........).g###.........# ..
.##.......gggg@.###.....# ##.#
#.....######### #.....# #..
#.....# ###...###.### #.....#
#######.##..... #.....# .....
#.##..... ###..g.g###
#......#........ #...#.#g..#
#......####..... #...g..#.....#
#......##.......
#...............##......#.[#.....


You could see a gnoll shaman and 4 gnolls.

Vanquished Creatures
  A worker ant (D:3)
  A hound skeleton (D:3)
  2 adders (D:3)
  An ooze (D:3)
  4 worms
  2 dart slugs
  4 leopard geckos
  An orc (D:2)
  9 bats
  2 giant cockroaches
  A goblin (D:1)
  4 hobgoblins
  7 kobolds
  2 ball pythons (D:1)
  A frilled lizard (D:1)
  4 rats
46 creatures vanquished.

Notes
Turn   | Place    | Note
-------+----------+-------------------------------------------
     0 | D:1      | Chiseanne the Spriggan Archaeologist began the quest for
                  | the Orb.
     0 | D:1      | Reached XP level 1. HP: 9/9 MP: 2/2
    98 | D:1      | Reached skill level 1 in Fighting
    98 | D:1      | Reached skill level 5 in Stealth
   235 | D:1      | Reached XP level 2. HP: 9/14 MP: 3/3
   961 | D:2      | Reached skill level 5 in Dodging
  1268 | D:2      | Reached XP level 3. HP: 12/18 MP: 4/4
  1473 | D:2      | Found an iron altar of Okawaru.
  1576 | D:2      | Reached skill level 1 in Long Blades
  2537 | D:3      | Found a sacrificial altar of Ru.
  2538 | D:3      | Found a shadowy altar of Dithmenos.
  2538 | D:3      | Found a hazy altar of Hepliaklqana.
  2548 | D:3      | Reached XP level 4. HP: 22/22 MP: 5/5
  2553 | D:3      | Found an ornate altar of the Wu Jian Council.
  2560 | D:3      | Found a white marble altar of Elyvilon.
  2560 | D:3      | Found a snail-covered altar of Cheibriados.
  2562 | D:3      | Found a sparkling altar of Nemelex Xobeh.
  2749 | D:3      | Slain by a gnoll shaman

Skill      XL: |  1  2  3  4 |
---------------+-------------+-----
Fighting       | 1 |  1.4
Stealth        | 5 |  5.5
Dodging        | 5 |  5.1
Long Blades    | 2 4 |  4.1
Maces & Flails | |  0.6

Action                   |  1- 3 |  4- 6 || total
-------------------------+-------+-------++-------
Melee: Whip              |   149 |       ||   149
       Falchion          |    63 |    24 ||    87
       Short sword       |    11 |    30 ||    41
  Use: Scroll            |     8 |       ||     8
 Stab: Sleeping          |    14 |     2 ||    16
Armor: Robe              |    30 |     5 ||    35
Dodge: Dodged            |   205 |    45 ||   250
